 Dungeon Crawl Stone Soup version 0.30.1-4-g462c640d31 (webtiles) character file.

Game seed: 17516586576748516063

32 Firecrotchwizard the Insei (level 3, -9/20 HPs)
             Began as a Vine Stalker Monk on Aug 20, 2023.
             Mangled by a gnoll bouda
             ... wielding a +1 whip of flaming
              (12 damage)
             ... on level 1 of the Dungeon.
             The game lasted 00:02:44 (763 turns).

Firecrotchwizard the Insei (Vine Stalker Monk)       Turns: 763, Time: 00:02:45

Health: -9/20      AC:  5    Str: 15    XL:     3   Next: 25%
Magic:  0/4        EV: 11    Int: 10    God:
Gold:   74         SH:  0    Dex: 16    Spells: 2/2 levels left

rFire   . .          .
                       - Unarmed
rCold   . . .        c - orb {light}
rNeg    . . .        d - +0 ring mail
rPois   .            (no helmet)
rElec   .            (no cloak)
rCorr   .            (no gloves)
SInv    .            (no boots)
Will    .....        (no amulet)
Stlth   +            (no ring)
HPRegen 0.23/turn    (no ring)
MPRegen 0.09/turn

%: guardian spirit
@: weakened, glowing
A: fangs 2, magic shield, antimagic bite, no potion heal 2
a: no special abilities


You were on level 1 of the Dungeon.
You visited 1 branch of the dungeon, and saw 2 of its levels.

You collected 74 gold pieces.

Inventory:

Missiles
 f - 6 poisoned darts (quivered)
Armour
 a - a +0 robe
 c - an orb of light (worn)
 d - a +0 ring mail (worn)
Jewellery
 i - a ring of willpower
Scrolls
 g - a scroll of identify {unknown}
 h - a scroll of teleportation {unknown}
Potions
 b - 2 potions of ambrosia
 e - a potion of attraction {unknown}


   Skills:
 + Level 3.1 Fighting
 - Level 2.4 Dodging
 * Level 3.9 Unarmed Combat


You had 2 spell levels left.
You didn't know any spells.
Your spell library contained the following spells:

 Spells                   Type           Power      Damage    Failure   Level
 Call Canine Familiar     Summ           0%         N/A       92%         3
 Portal Projectile        Hex/Tloc       0%         N/A       92%         3
 Leda's Liquefaction      Hex/Erth       0%         N/A       100%        4


Dungeon Overview and Level Annotations

Branches:
Dungeon (2/15)

Altars:


Innate Abilities, Weirdness & Mutations

You have extremely sharp teeth.
When hurt, damage is shared between your health and your magic reserves.
Your bite disrupts and absorbs the magic of your enemies.
Potions cannot restore your health.


Message History

You kill the ball python!
You see here a ball python corpse.
h - a scroll labelled XYHAMA ZAIFYSORE A goblin comes into view.
It is wielding a +0 dagger.
The goblin shouts!
A goblin is nearby!
An endoplasm comes into view.
Found 8 gold pieces.
You closely miss the goblin. Your bite misses the goblin.
The goblin hits you but does no damage.
You punch the goblin!
You kill the goblin!
You hit the endoplasm.
You kill the endoplasm!
You now have 39 gold pieces (gained 13).
You see here a +0 dagger.
You now have 47 gold pieces (gained 8).
You see here a ball python corpse.
A jackal comes into view.
Found a stone staircase leading down.
The jackal barks!
A jackal is nearby!
The jackal barely misses you.
The jackal bites you but does no damage.
You hit the jackal. Your bite misses the jackal.
The jackal is moderately wounded.
The jackal barely misses you.
You hit the jackal but do no damage.
The jackal is moderately wounded.
The jackal bites you but does no damage.
You hit the jackal.
The jackal is severely wounded.
The jackal barely misses you.
You hit the jackal but do no damage. You bite the jackal. You drain its power.
The jackal is almost dead.
The jackal bites you but does no damage.
The jackal closely misses you.
You hit the jackal.
You kill the jackal!
There is a stone staircase leading down here.
You see here a jackal corpse.
There is a stone staircase leading down here.
You see here a jackal corpse.
There is a stone staircase leading down here.
You now have 60 gold pieces (gained 13).
Done exploring.
(D) Dungeon
Where to? (? - help)
There is a stone staircase leading down here.
You climb downwards.
Found 30 gold pieces.
There is a stone staircase leading up here.
You now have 74 gold pieces (gained 14).
i - a ring of willpower
There is a stone staircase leading up here. 2 gnolls come into view.
The gnoll shouts! x2; You hear a shout! x2
A gnoll bouda comes into view. It is wielding a +1 whip of flaming.
The gnoll moves out of view.
A gnoll comes into view. It is wielding a +0 club.
There is a stone staircase leading up here.
The gnoll bouda barks out a call to the hunt!
The gnolls pick up the pace!
You climb upwards.
There is a stone staircase leading down here.
You barely miss the gnoll bouda. You barely miss the gnoll bouda.
The gnoll bouda hits you with a +1 whip of flaming.
The gnoll bouda burns you.
You hit the gnoll bouda.
The gnoll bouda is lightly wounded.
The gnoll bouda hits you with a +1 whip of flaming.
* * * LOW HITPOINT WARNING * * *
The gnoll bouda burns you.
* * * LOW HITPOINT WARNING * * *
You hit the gnoll bouda. Your bite misses the gnoll bouda.
The gnoll bouda is moderately wounded.
The gnoll bouda gazes fiercely through you!
You feel your attacks grow feeble.
The gnoll bouda hits you with a +1 whip of flaming.
* * * LOW MAGIC WARNING * * *
* * * LOW HITPOINT WARNING * * *
The gnoll bouda burns you.
* * * LOW HITPOINT WARNING * * *
You hit the gnoll bouda. Your bite misses the gnoll bouda.
The gnoll bouda is moderately wounded.
The gnoll bouda hits you but does no damage.
You hit the gnoll bouda but do no damage.
The gnoll bouda is moderately wounded.
The gnoll bouda hits you with a +1 whip of flaming.
* * * LOW MAGIC WARNING * * *
The gnoll bouda burns you.
* * * LOW HITPOINT WARNING * * *
You hit the gnoll bouda. Your bite misses the gnoll bouda.
The gnoll bouda is moderately wounded.
The gnoll bouda gazes fiercely through you!
You feel as though you will be weak longer.
The gnoll bouda hits you with a +1 whip of flaming!
Ouch! That really hurt!
You die...

#.# #.# #.# #.⌠. #.#
#.###.## #... #.#
#......# ##.# #.#
#.###.## #...
########.# #.# ### #†⌠.
#....>...# #.# #.).
#.##########.# #†## #.#
##...##.# ##### #.##
#.# #.....#@####...#
#..#
##.####......g.....#.#
##..
##...##......(..[.#...#
###
#...(........#.##.##.##
#
#....##.####.#.##.##.#
#.#.###.# #.#....##.#
#.#.# #.# #.#....##.#
#.#.# #.# #......##.#
#.#.# #.# ###....##.#


You could see a gnoll bouda.

Vanquished Creatures
  2 ball pythons (D:1)
  3 endoplasms (D:1)
  2 giant cockroaches (D:1)
  5 goblins (D:1)
  3 hobgoblins (D:1)
  3 jackals (D:1)
  3 bats (D:1)
  2 frilled lizards (D:1)
  A kobold (D:1)
  4 rats (D:1)
28 creatures vanquished.

Notes
Turn   | Place    | Note
-------+----------+-------------------------------------------
     0 | D:1      | Firecrotchwizard the Vine Stalker Monk began the quest for
                  | the Orb.
     0 | D:1      | Reached XP level 1. HP: 11/11 MP: 2/2
   201 | D:1      | Reached XP level 2. HP: 11/16 MP: 3/3
   396 | D:1      | Reached XP level 3. HP: 17/20 MP: 4/4
   763 | D:1      | Mangled by a gnoll bouda

Illustrated notes

Levels and vault maps discovered:
D:1:      dpeg_arrival_chambers_temple_mockup, layout_loops_ring
D:2:      layout_loops_ring, minmay_misc_feat_nine_boxes, minmay_pentomino_z4

Skill      XL: |  1  2 |
---------------+-------+-----
Fighting       | 3 |  3.1
Dodging        | |  2.4
Unarmed Combat | |  3.9

Action                     || total
---------------------------++-------
  Melee: Unarmed           ||    71
         Bite              ||    17
 Armour: Ring mail         ||    18
         Robe              ||     2
  Dodge: Dodged            ||    38
